 Dungeon Crawl Stone Soup version 0.22.0-49-gab54619 (webtiles) character file.

13635 Azzok the Thaumaturge (level 12, -2/89 HPs)
             Began as a Gnoll Earth Elementalist on Sept 6, 2018.
             Was a Priest of Ashenzari.
             Killed from afar by Erica (9 damage)
             ... with a bolt of poison
             ... on level 11 of the Dungeon.
             The game lasted 00:28:01 (16930 turns).

Azzok the Thaumaturge (Gnoll Earth Elementalist)   Turns: 16930, Time: 00:28:01

Health: -2/89      AC:  7    Str: 11    XL:     12   Next: 8%
Magic:  2/24       EV: 18    Int: 22    God:    Ashenzari [***...]
Gold:   264        SH:  0    Dex: 16    Spells: 19/28 levels left

rFire    . . .     SeeInvis +   n - -3 whip (curse)
rCold    . . .     Gourm    .   (no shield)
rNeg     + . .     Faith    .   o - +0 robe (curse)
rPois    +         Spirit   .   J - +1 hat
rElec    .         Reflect  .   u - +0 cloak
rCorr    .         Harm     .   C - +0 pair of gloves
MR       +++..     Clarity  +   P - +0 pair of boots
Stlth    +++.......             D - amulet of the Four Winds {rN+ MR+++ Clar} (curse)
HPRegen  0.24/turn              l - ring of attention (curse)
MPRegen  0.19/turn              M - ring of poison resistance

@: lethally poisoned (-2 -> -13), about to teleport
A: distributed training, fangs 1, strong nose
a: Curse Item, Scrying, Renounce Religion


You were on level 11 of the Dungeon.
You worshipped Ashenzari.
Ashenzari was most pleased with you.
You were very hungry.

You visited 2 branches of the dungeon, and saw 12 of its levels.
You also visited: Ossuary.

You collected 834 gold pieces.
You spent 570 gold pieces at shops.

Inventory:

Hand Weapons
 n - a cursed -3 whip (weapon)
 q - a +2 dagger of electrocution
Missiles
 b - 73 stones (quivered)
Armour
 o - a cursed +0 robe (worn)
 u - a +0 cloak (worn)
 C - a +0 pair of gloves (worn)
 J - a +1 hat (worn)
 P - a +0 pair of boots (worn)
Jewellery
 l - a cursed ring of attention (left hand)
 D - the cursed amulet of the Four Winds (around neck) {rN+ MR+++ Clar}
   (You bought it in a shop on level 7 of the Dungeon)

   [amulet of nothing]

   It protects you from negative energy.
   It affects your resistance to hostile enchantments.
   It protects you against confusion.
   It has a curse placed upon it.
 M - a ring of poison resistance (right hand)
 O - a +5 ring of protection
 R - an uncursed ring of ice
Wands
 p - a wand of random effects (28)
 t - a wand of flame (25)
 w - a wand of polymorph (17)
 y - a wand of acid (13)
Scrolls
 f - 2 scrolls of fear
 h - 3 scrolls of amnesia
 k - a scroll of fog
 m - 3 scrolls of teleportation
 s - 4 scrolls of remove curse
 x - a scroll of summoning
 z - 2 scrolls of enchant armour
 A - 3 scrolls of magic mapping
 B - a scroll of brand weapon
 G - 2 scrolls of acquirement {unknown}
 H - a scroll of enchant weapon {unknown}
 I - 3 scrolls of identify
 L - a scroll of holy word {unknown}
Potions
 a - a potion of brilliance
 c - 2 potions of cancellation
 e - a potion of lignification {unknown}
 g - 3 potions of agility
 i - 3 potions of flight
 j - 3 potions of ambrosia
 r - 2 potions of curing
 v - 6 potions of haste
 E - 2 potions of might
 F - a potion of mutation {!q}
 K - a potion of degeneration {unknown}
 N - a potion of heal wounds
Comestibles
 d - 20 rations


   Skills:
 + Level 6.8 Fighting
 + Level 6.8 Short Blades
 + Level 6.8 Long Blades
 + Level 6.8 Axes
 + Level 6.8(9.8) Maces & Flails
 + Level 6.8 Polearms
 + Level 6.8 Staves
 + Level 6.8 Slings
 + Level 6.8 Bows
 + Level 6.8 Crossbows
 + Level 6.8 Throwing
 + Level 6.8 Armour
 + Level 8.3 Dodging
 + Level 8.1 Stealth
 + Level 6.8 Shields
 + Level 6.8 Unarmed Combat
 + Level 8.5 Spellcasting
 + Level 5.6(7.5) Conjurations
 + Level 5.6(7.5) Hexes
 + Level 5.6(7.5) Charms
 + Level 5.6(7.5) Summonings
 + Level 5.6(7.5) Necromancy
 + Level 5.6(7.5) Translocations
 + Level 6.1(8.0) Transmutations
 + Level 5.6(7.5) Fire Magic
 + Level 5.6(7.5) Ice Magic
 + Level 5.6(7.5) Air Magic
 + Level 8.0(9.9) Earth Magic
 + Level 5.6(7.5) Poison Magic
 + Level 7.4 Invocations
 + Level 6.8(8.7) Evocations


You had 19 spell levels left.
You knew the following spells:

 Your Spells              Type           Power        Failure   Level  Hunger
a - Sandblast             Erth           ######       1%          1    None
b - Stone Arrow           Conj/Erth      #####.       1%          3    None
c - Lee's Rapid Deconstr  Erth           ######....   3%          5    #####..

Your spell library contained the following spells:

 Spells                   Type           Power        Failure   Level  Hunger
 Confusing Touch          Hex            #####.       1%          1    None
 Passwall                 Tmut/Erth      #####...     1%          2    None
 Confuse                  Hex            #####...     1%          3    None
 Gell's Gravitas          Tloc           #####.....   1%          3    None
 Petrify                  Tmut/Erth      #####...     1%          4    ###....
 Yara's Violent Unravell  Hex/Tmut       #####.....   8%          5    #####..
 Metabolic Englaciation   Hex/Ice        #####.....   9%          5    #####..


Dungeon Overview and Level Annotations

Branches:
Dungeon (11/15)            Temple (1/1) D:5            Lair (0/6) D:11
    Orc (0/2) D:9

Altars:
Ashenzari
Cheibriados
Dithmenos
Elyvilon
Fedhas
Gozag
Hepliaklqana
Kikubaaqudgha
Makhleb
Nemelex Xobeh
Okawaru
Qazlal
Ru
Sif Muna
Trog
Uskayaw
Vehumet
Wu Jian
Xom
Yredelemnul
Zin
The Shining One
Beogh

Shops:
D:7 (?=([

Annotations:
D:3 2 runed doors, Bearstalker's ghost, amateur MiFi
D:4 3 runed doors, Lew's ghost, amateur GrFi; harcile's ghost, novice HOBe
D:11 exclusion: 2 oklob plants, Erica


Innate Abilities, Weirdness & Mutations

Your experience applies equally to all skills.
You have very sharp teeth.
Your uncanny sense of smell can sniff out nearby items.


Message History

Your surroundings suddenly seem different.
A scorpion comes into view.
Erica the Fiery-Tempered comes into view.
Ashenzari warns you: She is wielding a scimitar of flaming.
Erica screams, "You'll never get it!"
Erica hits you with a scimitar of flaming!
* * * LOW HITPOINT WARNING * * *
Erica burns you.
* * * LOW HITPOINT WARNING * * *
Erica casts a spell at you. The orb of energy hits you!
* * * LOW HITPOINT WARNING * * *
Erica screams, "You'll never get it!"
As you read the scroll of teleportation, it crumbles to dust.
You feel strangely unstable. Erica gestures at you while chanting.
The bolt of poison hits you!
You are lethally poisoned!
You resist.
You die...

▒▒▒▒▒'▒▒·▒▒▒▒▒▒▒▒▒···▒
·····················▒
▒▒▒▒▒▒▒ ▒▒▒▒▒▒▒▒·····▒
◦ { ◦◦ ·······▒·····▒ {
◦ ·······'·····▒ ◦
·······▒·····▒ ◦ ◦
·······▒·····▒ ◦
◦·······▒·····▒
▒▒▒▒▒▒▒▒▒▒▒▒▒▒▒@····▒▒
◦··········>·@········▒
░············s········▒
········▒'▒▒▒▒▒······▒
········▒···◦ ▒······▒
········▒·····▒······▒
░········▒·····▒···▒▒▒▒
········▒·····▒···▒
········'·····▒···▒


You could see Erica and a scorpion.

Vanquished Creatures
  Fannar (D:11)
  Harold (D:10)
  A tengu warrior (D:11)
  3 two-headed ogres
  An oklob plant (D:11)
  2 ugly things (D:11)
  2 manticores (D:11)
  A gargoyle (D:11)
  2 kobold demonologists
  A troll (D:11)
  Grinder (D:5)
  3 hippogriffs
  A spriggan (D:9)
  A wyvern (D:9)
  Eustachio (D:5)
  A wraith (D:11)
  2 hungry ghosts (D:7)
  Menkaure (D:5)
  3 sky beasts
  4 orc warriors
  A black bear (D:7)
  An ice beast (D:8)
  2 necrophages (D:10)
  A phantom (D:8)
  8 centaurs
  5 ogres
  Blork the orc (D:5)
  5 big kobolds
  4 bullfrogs
  2 scorpions
  3 killer bees (D:7)
  4 howler monkeys
  7 wights
  A vampire bat (D:7)
  4 crimson imps
  2 centaur zombies
  A bullfrog zombie (D:9)
  3 hounds (D:11)
  3 jellies
  Crazy Yiuf (D:5)
  8 orc priests
  13 orc wizards
  A bullfrog skeleton (D:10)
  4 iguanas
  Jessica (D:3)
  7 worker ants
  Ijyb (D:3)
  Natasha (twice) (D:3)
  A hound zombie (D:9)
  4 hound skeletons
  A worker ant zombie (D:8)
  A howler monkey skeleton (D:6)
  8 adders
  A shadow imp (D:5)
  An ooze (D:3)
  An adder zombie (D:9)
  5 worms
  2 dart slugs
  4 leopard geckos
  37 orcs
  13 bats
  A giant cockroach (D:9)
  5 gnoll zombies (Ossuary)
  5 goblins
  5 hobgoblins
  5 jackals
  20 kobolds
  A quokka (D:4)
  A ball python (D:6)
  5 frilled lizards
  A gnoll skeleton (Ossuary)
  3 goblin skeletons (Ossuary)
  4 hobgoblin skeletons (Ossuary)
  4 hobgoblin zombies (Ossuary)
  4 kobold skeletons (Ossuary)
  A kobold zombie (Ossuary)
  3 orc zombies (Ossuary)
  A quokka zombie (D:7)
  5 rats
  3 rat skeletons (Ossuary)
  3 rat zombies (Ossuary)
288 creatures vanquished.

Vanquished Creatures (others)
  4 mummies (Ossuary)
  A gnoll skeleton (Ossuary)
  2 goblin skeletons (Ossuary)
  A goblin zombie (Ossuary)
  3 hobgoblin skeletons (Ossuary)
  2 hobgoblin zombies (Ossuary)
  2 kobold skeletons (Ossuary)
  2 kobold zombies (Ossuary)
  An orc skeleton (Ossuary)
  2 orc zombies (Ossuary)
  A rat skeleton (Ossuary)
  2 rat zombies (Ossuary)
  A withered plant (D:4)
24 creatures vanquished.

Grand Total: 312 creatures vanquished

Notes
Turn   | Place    | Note
-------+----------+-------------------------------------------
     0 | D:1      | Azzok the Gnoll Earth Elementalist began the quest for the
                  | Orb.
     0 | D:1      | Reached XP level 1. HP: 13/13 MP: 6/6
   269 | D:1      | Reached XP level 2. HP: 19/19 MP: 5/7
  1042 | D:2      | Reached XP level 3. HP: 25/25 MP: 3/9
  1047 | D:2      | Learned a level 3 spell: Stone Arrow
  1132 | D:2      | Reached skill level 5 in Spellcasting
  1321 | D:2      | Reached skill level 1 in Invocations
  1767 | D:2      | Reached skill level 1 in Fighting
  1767 | D:2      | Reached skill level 1 in Short Blades
  1767 | D:2      | Reached skill level 1 in Long Blades
  1767 | D:2      | Reached skill level 1 in Axes
  1767 | D:2      | Reached skill level 1 in Maces & Flails
  1767 | D:2      | Reached skill level 1 in Polearms
  1767 | D:2      | Reached skill level 1 in Staves
  1767 | D:2      | Reached skill level 1 in Slings
  1767 | D:2      | Reached skill level 1 in Bows
  1767 | D:2      | Reached skill level 1 in Crossbows
  1767 | D:2      | Reached skill level 1 in Throwing
  1767 | D:2      | Reached skill level 1 in Armour
  1767 | D:2      | Reached skill level 1 in Shields
  1767 | D:2      | Reached skill level 1 in Unarmed Combat
  1767 | D:2      | Reached skill level 1 in Evocations
  1996 | D:3      | Reached XP level 4. HP: 32/32 MP: 9/11
  2036 | D:3      | Found a glowing golden altar of the Shining One.
  2209 | D:3      | Noticed Ijyb
  2311 | D:3      | Killed Ijyb
  2311 | D:3      | Reached skill level 1 in Conjurations
  2311 | D:3      | Reached skill level 1 in Hexes
  2311 | D:3      | Reached skill level 1 in Charms
  2311 | D:3      | Reached skill level 1 in Summonings
  2311 | D:3      | Reached skill level 1 in Necromancy
  2311 | D:3      | Reached skill level 1 in Translocations
  2311 | D:3      | Reached skill level 1 in Fire Magic
  2311 | D:3      | Reached skill level 1 in Ice Magic
  2311 | D:3      | Reached skill level 1 in Air Magic
  2311 | D:3      | Reached skill level 1 in Poison Magic
  2406 | D:3      | Noticed Natasha
  2415 | D:3      | Killed Natasha
  2415 | D:3      | Reached XP level 5. HP: 31/37 MP: 5/12
  2636 | D:3      | Noticed Natasha
  2706 | D:3      | Found a large runed door.
  2707 | D:3      | Found a large runed door.
  2708 | D:3      | Noticed Bearstalker's ghost (amateur MiFi)
  2708 | D:3      | Noticed Jessica
  2714 | D:3      | Killed Jessica
  2831 | D:3      | Killed Natasha
  3102 | D:3      | Reached XP level 6. HP: 44/44 MP: 0/13
  3526 | D:4      | Found a sparkling altar of Nemelex Xobeh.
  3538 | D:4      | Reached skill level 5 in Dodging
  4059 | D:4      | Reached XP level 7. HP: 50/50 MP: 3/15
  4834 | D:4      | Found a runed gate.
  4834 | D:4      | Found a runed gate.
  4834 | D:4      | Found a runed gate.
  4834 | D:4      | Noticed harcile's ghost (novice HOBe)
  4835 | D:4      | Noticed Lew's ghost (amateur GrFi)
  4901 | D:5      | Entered Level 5 of the Dungeon
  5026 | D:5      | Found a shimmering altar of Xom.
  5216 | D:5      | Noticed Grinder
  5219 | D:5      | Noticed Eustachio
  5224 | D:5      | Paralysed by Grinder for 6 turns
  5231 | D:5      | Killed Grinder
  5231 | D:5      | Reached skill level 5 in Stealth
  5241 | D:5      | Killed Eustachio
  5241 | D:5      | Reached XP level 8. HP: 27/57 MP: 3/16
  5598 | D:5      | Noticed Blork the orc
  5602 | D:5      | Noticed Menkaure
  5606 | D:5      | Killed Blork the orc
  5611 | D:5      | Killed Menkaure
  5845 | D:5      | Found a staircase to the Ecumenical Temple.
  5853 | Temple   | Entered the Ecumenical Temple
  5957 | Temple   | Became a worshipper of Ashenzari the Shackled
  6222 | D:5      | Found a basalt altar of Yredelemnul.
  6222 | D:5      | Found a snail-covered altar of Cheibriados.
  6408 | D:5      | Found a runed door.
  6412 | D:5      | Noticed Crazy Yiuf
  6416 | D:5      | Killed Crazy Yiuf
  7095 | D:6      | Found a blossoming altar of Fedhas.
  7604 | D:6      | Reached * piety under Ashenzari
  7873 | D:7      | Noticed a hippogriff
  7877 | D:7      | Killed a hippogriff
  7877 | D:7      | Reached XP level 9. HP: 57/65 MP: 8/18
  8853 | D:7      | Found Jagro's Armour Shoppe.
  8935 | D:7      | Found Ucuat's Jewellery Shoppe.
  8938 | D:7      | Bought the amulet of the Four Winds {rN+ MR+++ Clar} for
                  | 570 gold pieces
  8938 | D:7      | Found the amulet of the Four Winds {rN+ MR+++ Clar}
  8942 | D:7      | Found Ynlery's Magic Scroll Shop.
  8943 | D:7      | Found Jadorifu's Weapon Emporium.
  9299 | D:7      | Reached skill level 5 in Invocations
  9539 | D:7      | Found Qiecwour's Antique Weapon Emporium.
  9751 | D:8      | Reached XP level 10. HP: 68/73 MP: 17/20
  9865 | D:8      | Found a sand-covered staircase.
  9871 | D:8      | Noticed a two-headed ogre
  9874 | D:8      | Reached ** piety under Ashenzari
  9876 | Ossuary  | Entered an ossuary
 10419 | Ossuary  | Learned a level 5 spell: Lee's Rapid Deconstruction
 10796 | D:8      | Killed a two-headed ogre
 10796 | D:8      | Reached skill level 5 in Fighting
 10796 | D:8      | Reached skill level 5 in Short Blades
 10796 | D:8      | Reached skill level 5 in Long Blades
 10796 | D:8      | Reached skill level 5 in Axes
 10796 | D:8      | Reached skill level 5 in Maces & Flails
 10796 | D:8      | Reached skill level 5 in Polearms
 10796 | D:8      | Reached skill level 5 in Staves
 10796 | D:8      | Reached skill level 5 in Slings
 10796 | D:8      | Reached skill level 5 in Bows
 10796 | D:8      | Reached skill level 5 in Crossbows
 10796 | D:8      | Reached skill level 5 in Throwing
 10796 | D:8      | Reached skill level 5 in Armour
 10796 | D:8      | Reached skill level 5 in Shields
 10796 | D:8      | Reached skill level 5 in Unarmed Combat
 10796 | D:8      | Reached skill level 5 in Evocations
 11200 | D:9      | Found a staircase to the Orcish Mines.
 11773 | D:9      | Found a shadowy altar of Dithmenos.
 12000 | D:9      | Found a stormy altar of Qazlal.
 12214 | D:9      | Found a roughly hewn altar of Beogh.
 12543 | D:10     | Entered Level 10 of the Dungeon
 12622 | D:10     | Reached *** piety under Ashenzari
 12685 | D:10     | Reached skill level 5 in Transmutations
 12953 | D:10     | Noticed a two-headed ogre
 12954 | D:10     | Noticed Harold
 12964 | D:10     | Killed a two-headed ogre
 13094 | D:10     | Killed Harold
 13094 | D:10     | Reached XP level 11. HP: 68/81 MP: 14/22
 14113 | D:11     | Noticed a two-headed ogre
 14121 | D:11     | Killed a two-headed ogre
 14121 | D:11     | Reached skill level 5 in Conjurations
 14121 | D:11     | Reached skill level 5 in Hexes
 14121 | D:11     | Reached skill level 5 in Charms
 14121 | D:11     | Reached skill level 5 in Summonings
 14121 | D:11     | Reached skill level 5 in Necromancy
 14121 | D:11     | Reached skill level 5 in Translocations
 14121 | D:11     | Reached skill level 5 in Fire Magic
 14121 | D:11     | Reached skill level 5 in Ice Magic
 14121 | D:11     | Reached skill level 5 in Air Magic
 14121 | D:11     | Reached skill level 5 in Poison Magic
 14167 | D:11     | Noticed an oklob plant
 14260 | D:11     | Found a staircase to the Lair.
 14533 | D:11     | Killed an oklob plant
 14724 | D:11     | Noticed an oklob plant
 14724 | D:11     | Noticed an oklob plant
 14772 | D:11     | Noticed a manticore
 14777 | D:11     | Killed a manticore
 15094 | D:11     | Noticed a brown ugly thing
 15125 | D:11     | Killed a brown ugly thing
 15383 | D:10     | Noticed a tengu warrior
 15418 | D:11     | Killed a tengu warrior
 15662 | D:10     | Noticed a seven-headed hydra
 15953 | D:11     | Noticed a manticore
 16212 | D:11     | Killed a manticore
 16288 | D:11     | Noticed Fannar
 16302 | D:11     | Killed Fannar
 16401 | D:11     | Noticed a cyclops
 16486 | D:11     | Noticed a brown ugly thing
 16492 | D:11     | Killed a brown ugly thing
 16492 | D:11     | Reached XP level 12. HP: 59/89 MP: 8/24
 16922 | D:11     | Noticed Erica
 16930 | D:11     | Killed from afar by Erica

Skill      XL: |  1  2  3  4  5  6  7  8  9 10 11 12 |
---------------+-------------------------------------+-----
Transmutations | 2 3 4 5 6 |  6.1
Spellcasting   | 5 6 7 8 |  8.5
Invocations    | 1 2 3 4 5 6 7 |  7.4
Fighting       | 1 2 3 4 5 6 |  6.8
Short Blades   | 1 2 3 4 5 6 |  6.8
Long Blades    | 1 2 3 4 5 6 |  6.8
Axes           | 1 2 3 4 5 6 |  6.8
Maces & Flails | 1 2 3 4 5 6 |  6.8
Polearms       | 1 2 3 4 5 6 |  6.8
Staves         | 1 2 3 4 5 6 |  6.8
Slings         | 1 2 3 4 5 6 |  6.8
Bows           | 1 2 3 4 5 6 |  6.8
Crossbows      | 1 2 3 4 5 6 |  6.8
Throwing       | 1 2 3 4 5 6 |  6.8
Armour         | 1 2 3 4 5 6 |  6.8
Shields        | 1 2 3 4 5 6 |  6.8
Unarmed Combat | 1 2 3 4 5 6 |  6.8
Evocations     | 1 2 3 4 5 6 |  6.8
Conjurations   | 1 2 3 4 5 |  5.6
Hexes          | 1 2 3 4 5 |  5.6
Charms         | 1 2 3 4 5 |  5.6
Summonings     | 1 2 3 4 5 |  5.6
Necromancy     | 1 2 3 4 5 |  5.6
Translocations | 1 2 3 4 5 |  5.6
Fire Magic     | 1 2 3 4 5 |  5.6
Ice Magic      | 1 2 3 4 5 |  5.6
Air Magic      | 1 2 3 4 5 |  5.6
Poison Magic   | 1 2 3 4 5 |  5.6
Dodging        | 5 6 7 8 |  8.3
Stealth        | 5 6 7 8 |  8.1
Earth Magic    | 6 7 8 |  8.0

Action                   |  1- 3 |  4- 6 |  7- 9 | 10-12 || total
-------------------------+-------+-------+-------+-------++-------
Melee: Unarmed           |     1 |       |       |       ||     1
       Whip              |     8 |     3 |     6 |    17 ||    34
       Bite              |     1 |       |     1 |     2 ||     4
       Punch             |       |       |       |     2 ||     2
 Cast: Sandblast         |    31 |    33 |   134 |   103 ||   301
       Stone Arrow       |     5 |    35 |    84 |   193 ||   317
       Lee's Rapid Decon |       |       |       |     9 ||     9
Invok: Curse Item        |       |       |     1 |       ||     1
  Use: Scroll            |       |       |    12 |     6 ||    18
  Eat: Chunk             |     3 |     9 |    18 |    19 ||    49
       Ration            |       |       |     1 |     1 ||     2
Armor: Robe              |       |     1 |    18 |    19 ||    38
Dodge: Dodged            |    10 |    15 |    65 |   124 ||   214
Block: Other             |       |     2 |    22 |       ||    24
       Reflection        |       |       |     5 |       ||     5
